 Dungeon Crawl Stone Soup version 0.31-a0-174-g85c54bcb58 (webtiles) character file.

Game seed: 864108257292650866

1068 qw the Skirmisher (level 8, -3/49 HPs)
             Began as a Gargoyle Hunter on June 15, 2023.
             Was an Initiate of Okawaru.
             Slain by a lemure (4 damage)
             ... led by Pikel
             ... on level 6 of the Dungeon.
             The game lasted 00:01:23 (3571 turns).

qw the Skirmisher (Gargoyle Hunter)                 Turns: 3571, Time: 00:01:23

Health: -3/49      AC: 10    Str: 15    XL:     8   Next: 28%
Magic:  8/8        EV: 13    Int: 10    God:    Okawaru [......]
Gold:   181        SH:  0    Dex: 17    Spells: 7/7 levels left

rFire   + . .        f - +2 sling (heavy)
rCold   + . .        (no shield)
rNeg    + + +        p - +1 robe "Goizeame" {rF+ rN+ Dex+2}
rPois   inf          a - +0 helmet
rElec   +            b - +0 cloak
rCorr   .            (no gloves)
SInv    .            (no boots)
Will    .....        (no amulet)
Stlth   ++           i - ring of protection from cold
HPRegen 0.28/turn    j - ring of positive energy
MPRegen 0.11/turn

%: no passive effects
@: about to teleport
A: sickness immunity, AC +5, negative energy resistance 1, electricity
resistance, torment resistance 1, petrification resistance
a: Renounce Religion


You were on level 6 of the Dungeon.
You worshipped Okawaru.
Okawaru was noncommittal.
You visited 2 branches of the dungeon, and saw 7 of its levels.

You collected 181 gold pieces.


Innate Abilities, Weirdness & Mutations

You are immune to sickness and miasma.
Your stone body is resilient. (AC +5)
You are immune to poison.
You resist negative energy. (rN+)
You are resistant to electric shocks. (rElec)
You are resistant to unholy torment.
You are immune to petrification.


   Skills:
 + Level 5.0 Fighting
 - Level 9.0 Ranged Weapons
 - Level 1.0 Armour
 - Level 2.5 Dodging
 - Level 1.1 Stealth


You had 7 spell levels left.
You didn't know any spells.
Your spell library was empty.

Inventory:

Hand Weapons
 f - a +2 heavy sling (weapon)
 g - a +0 shortbow
Armour
 a - a +0 helmet (worn)
 b - a +0 cloak (worn)
 p - the +1 robe "Goizeame" (worn) {rF+ rN+ Dex+2}
   (You found it on level 3 of the Dungeon)

   Dex:       It affects your dexterity (+2).
   rF:        It protects you from fire.
   rN:        It protects you from negative energy.
Jewellery
 i - a ring of protection from cold (left hand)
 j - a ring of positive energy (right hand)
Scrolls
 c - a scroll of identify
 o - a scroll of teleportation
Potions
 d - a potion of lignification
 h - a potion of might
 k - a potion of attraction {unknown}
 l - a potion of enlightenment {unknown}
 m - a potion of curing {unknown}
 n - a potion of haste

Dungeon Overview and Level Annotations

Branches:
Dungeon (6/15)             Temple (1/1) D:5

Altars:
Dithmenos
Elyvilon
Gozag
Hepliaklqana
Kikubaaqudgha
Makhleb
Okawaru
Qazlal
Ru
Sif Muna
Uskayaw
Wu Jian
Xom
Yredelemnul
Zin
The Shining One

Annotations:
D:6 Pikel


Message History

A lemure comes into view. x2
Sigmund points at you and mumbles some strange words.
The magic dart hits you but does no damage.
You shoot a sling bullet. The lemure shouts!
The sling bullet hits Sigmund!
Sigmund is moderately wounded.
Sigmund closely misses you.
You shoot a sling bullet. The sling bullet hits Sigmund.
Sigmund is moderately wounded.
Sigmund drinks a potion.
Sigmund seems to speed up.
Sigmund closely misses you.
You shoot a sling bullet. The sling bullet hits Sigmund.
Sigmund is heavily wounded.
Sigmund completely misses you.
You shoot a sling bullet. The sling bullet hits Sigmund!
Sigmund is severely wounded.
Sigmund hits you with a +0 scythe! The lemure hits you!
You shoot a sling bullet. The sling bullet hits Sigmund!
You kill Sigmund!
Okawaru accepts your kill. The lemure hits you!
Your Ranged Weapons skill increases to level 9!
You shoot a sling bullet. The sling bullet hits Pikel.
Pikel is lightly wounded.
The lemure closely misses you. The lemure hits you but does no damage.
The lemure barely misses you.
Pikel hits you with a +1 whip of flaming.
Pikel burns you. The lemure hits you.
You shoot a sling bullet.
The sling bullet hits Pikel but does no damage.
Pikel is lightly wounded.
Pikel hits you with a +1 whip of flaming!
Pikel burns you. The lemure hits you but does no damage. The lemure hits you.
The lemure hits you but does no damage. x2
3571 ||| READING 2 scrolls of teleportation.
As you read the scroll of teleportation, it crumbles to dust.
You feel strangely unstable. Pikel closely misses you.
The lemure hits you but does no damage. The lemure hits you.
You die...

##...........
#............
###............
#..............
..............#
............#
......5K5..#
.......@5.#
........5##
.........#
..........
..........#
..#........ #
##########


You could see Pikel and 4 lemures.

Vanquished Creatures
  Sigmund (D:6)
  A black bear (D:5)
  A sky beast (D:5)
  2 ogres (D:5)
  A phantom (D:5)
  2 scorpions
  A howler monkey (D:4)
  2 jellies
  An iguana (D:5)
  2 orc wizards (D:6)
  Terence (D:3)
  6 gnolls
  3 adders
  An ufetubus (D:6)
  4 worms (D:3)
  3 dart slugs
  7 orcs
  5 ball pythons
  5 endoplasms
  2 giant cockroaches (D:1)
  5 goblins
  5 hobgoblins
  5 jackals
  A quokka (D:1)
  5 bats
  2 frilled lizards (D:1)
  4 kobolds
  2 rats (D:1)
  A spectral hobgoblin (D:1)
81 creatures vanquished.

Vanquished Creatures (others)
  An ogre (D:5)
1 creature vanquished.

Grand Total: 82 creatures vanquished

Notes
Turn   | Place    | Note
-------+----------+-------------------------------------------
     0 | D:1      | qw the Gargoyle Hunter began the quest for the Orb.
     0 | D:1      | Reached XP level 1. HP: 12/12 MP: 1/1
     0 | D:1      | 0 ||| qw: Version: 0.2-a-29-g511e9b1
     0 | D:1      | 0 ||| qw: Game counter: 5229
     0 | D:1      | 0 ||| qw: Always use a shield: true
     0 | D:1      | 0 ||| qw: God list: Okawaru
     0 | D:1      | 0 ||| qw: Allow faded altars: false
     0 | D:1      | 0 ||| qw: Do Orc after D:15 true
     0 | D:1      | 0 ||| qw: Do second Lair branch before Depths: true
     0 | D:1      | 0 ||| qw: Lair rune preference: random
     0 | D:1      | 0 ||| qw: Plans: Normal, Zot:1-4, Slime:5, God:TSO, Crypt,
                  | Tomb, Abyss, Pan, Hells, Win
     0 | D:1      | 0 ||| PLANNING D:1-11
   160 | D:1      | 160 ||| Stepping ~*~*~tactically~*~*~ (outnumbered).
   164 | D:1      | Reached XP level 2. HP: 17/17 MP: 2/2
   266 | D:1      | Found a faded altar of an unknown god.
   335 | D:1      | Reached XP level 3. HP: 21/21 MP: 3/3
   471 | D:1      | Reached skill level 5 in Ranged Weapons
   605 | D:1      | 605 ||| UPGRADING to +0 ring mail.
   615 | D:1      | 615 ||| DROPPING +0 leather armour.
   616 | D:1      | 616 ||| UPGRADING to ring of protection from cold.
   617 | D:1      | 617 ||| READING scroll labelled YDIYS OMNAOST.
   718 | D:1      | 718 ||| READING scroll labelled BURPHOA MEGEOD.
   722 | D:1      | 722 ||| READING scroll labelled KOKIXAONOL.
   723 | D:1      | 723 ||| READING scroll labelled VUHEF GOH ZEA.
   724 | D:1      | 724 ||| READING scroll labelled NORRAE IMYS.
   725 | D:1      | 725 ||| READING scroll labelled NOGAKA JIWISH.
   726 | D:1      | 726 ||| DROPPING scroll of butterflies.
   802 | D:2      | 802 ||| UPGRADING to +2 heavy sling.
   831 | D:2      | Reached skill level 1 in Armour
  1138 | D:2      | 1138 ||| UPGRADING to +0 cloak.
  1143 | D:2      | 1143 ||| READING scroll labelled PEVOGG BABA.
  1144 | D:2      | 1144 ||| READING scroll labelled EXTI XEVAIVO.
  1438 | D:3      | Identified the +11 dagger of Triumph {antimagic, Str+3
                  | Int+3}
  1491 | D:3      | Identified the +1 robe "Goizeame" {rF+ rN+ Dex+2}
  1599 | D:3      | Reached XP level 4. HP: 18/27 MP: 4/4
  1776 | D:3      | Reached skill level 3 in Fighting
  1886 | D:3      | Noticed Terence
  1891 | D:3      | Killed Terence
  2037 | D:3      | 2037 ||| UPGRADING to +1 robe "Goizeame" {rF+ rN+ Dex+2}.
  2047 | D:3      | 2047 ||| DROPPING +0 ring mail.
  2048 | D:3      | 2048 ||| READING scroll labelled NOEKEP DUEWATH.
  2049 | D:3      | 2049 ||| DRINKING 2 lumpy purple potions.
  2050 | D:3      | 2050 ||| DRINKING 2 bubbling ruby potions.
  2051 | D:3      | 2051 ||| DROPPING potion of degeneration.
  2052 | D:3      | 2052 ||| DROPPING potion of brilliance.
  2073 | D:4      | 2073 ||| STAIRDANCE
  2100 | D:4      | 2100 ||| STAIRDANCE
  2140 | D:4      | 2140 ||| STAIRDANCE
  2181 | D:4      | 2181 ||| STAIRDANCE
  2213 | D:4      | 2213 ||| STAIRDANCE
  2240 | D:4      | 2240 ||| STAIRDANCE
  2279 | D:4      | Reached XP level 5. HP: 32/32 MP: 5/5
  2454 | D:4      | Reached skill level 6 in Ranged Weapons
  2625 | D:4      | 2625 ||| UPGRADING to +0 helmet.
  2630 | D:4      | 2630 ||| UPGRADING to ring of positive energy.
  2631 | D:4      | 2631 ||| DRINKING 2 fizzy blue potions.
  2685 | D:4      | 2685 ||| DRINKING 2 amethyst potions.
  2686 | D:4      | 2686 ||| READING 2 scrolls of identify.
  2686 | D:4      | 2686 ||| IDENTIFYING blue potion
  2687 | D:4      | 2687 ||| DROPPING potion of berserk rage.
  2697 | D:5      | Entered Level 5 of the Dungeon
  2704 | D:5      | 2704 ||| STAIRDANCE
  2711 | D:4      | Reached XP level 6. HP: 31/38 MP: 6/6
  2746 | D:5      | Noticed a sky beast
  2756 | D:5      | Reached skill level 7 in Ranged Weapons
  2764 | D:5      | Killed a sky beast
  2765 | D:5      | Reached XP level 7. HP: 18/43 MP: 7/7
  3256 | D:5      | Reached skill level 8 in Ranged Weapons
  3281 | D:5      | Found a staircase to the Ecumenical Temple.
  3282 | D:5      | 3282 ||| PLANNING TEMPLE
  3282 | D:5      | 3282 ||| READING scroll labelled DOUMPAOHEL.
  3283 | D:5      | 3283 ||| DRINKING 2 white potions.
  3284 | D:5      | 3284 ||| READING 2 scrolls of identify.
  3284 | D:5      | 3284 ||| IDENTIFYING orange potion
  3293 | Temple   | Entered the Ecumenical Temple
  3329 | Temple   | 3329 ||| PLANNING OKAWARU WORSHIP
  3386 | Temple   | Became a worshipper of Warmaster Okawaru
  3387 | Temple   | 3387 ||| PLANNING D:1-11
  3461 | D:5      | Found a basalt altar of Yredelemnul.
  3473 | D:5      | Found a glowing golden altar of the Shining One.
  3475 | D:5      | Noticed an angel
  3550 | D:6      | Reached XP level 8. HP: 13/49 MP: 8/8
  3551 | D:6      | HP: 12/49 [something (2)]
  3555 | D:6      | 3555 ||| Stepping randomly (disturbance).
  3557 | D:6      | HP: 12/49 [orc wizard/+0 dagger (2)]
  3558 | D:6      | 3558 ||| READING 3 scrolls of teleportation.
  3559 | D:6      | 3559 ||| DRINKING potion of heal wounds.
  3562 | D:6      | Noticed Sigmund
  3562 | D:6      | Noticed Pikel
  3568 | D:6      | Killed Sigmund
  3569 | D:6      | Reached skill level 9 in Ranged Weapons
  3570 | D:6      | HP: 7/49 [Pikel/+1 whip of flaming (7)]
  3570 | D:6      | HP: 1/49 [lemure[Pikel] (4)]
  3571 | D:6      | 3571 ||| READING 2 scrolls of teleportation.
  3571 | D:6      | Slain by a lemure

Levels and vault maps discovered:
D:1:      roderic_dead_forest, layout_loops_ring,
          dreamdust_ecumenical_altar_drowned_temple, minmay_heptomino_d4
D:2:      layout_rooms
D:3:      layout_loops_corners, uniq_terence
D:4:      layout_basic, chequers_mini_garden, chequers_serial_rivers_micro_c
D:5:      layout_rooms, grunt_temple_overflow_holy_war, temple_hall
D:6:      layout_cave_pods, nicolae_sextant, grunt_ministairs_3,
          small_statue_alley_b, kennysheep_generic_room_4, uniq_sigmund,
          uniq_pikel
Temple:   jpeg_temple_clearing

Skill      XL: |  1  2  3  4  5  6  7  8 |
---------------+-------------------------+-----
Ranged Weapons | 5 6 7 8 9 |  9.0
Armour         | 1 |  1.0
Fighting       | 3 4 5 |  5.0
Dodging        | 2 |  2.5
Stealth        | |  1.1

Action                     |  1- 3 |  4- 6 |  7- 9 || total
---------------------------+-------+-------+-------++-------
   Fire: Shortbow          |    64 |       |       ||    64
         Sling             |    38 |    82 |    51 ||   171
    Use: Scroll            |     8 |     2 |     4 ||    14
         Potion            |       |     4 |     2 ||     6
 Armour: Leather armour    |     7 |       |       ||     7
         Ring mail         |    12 |     4 |       ||    16
         Robe              |       |    31 |    23 ||    54
  Dodge: Dodged            |    28 |    51 |    30 ||   109

Table legend:
 A = Non-vault XP
 B = Vault XP
 C = Vault XP percentage of total XP
 D = Non-vault monster count
 E = Vault monster count
 F = Vault count percentage of total count
                 A         B        C        D         E       F
            +---------+---------+-------+---------+---------+-------
      Total |    1223 |     304 |  19.9 |      73 |       8 |   9.9
            +---------+---------+-------+---------+---------+-------
        D:1 |      33 |       7 |  17.5 |      18 |       5 |  21.7
        D:2 |      17 |       0 |   0.0 |       9 |       0 |   0.0
        D:3 |      65 |      32 |  33.0 |      15 |       1 |   6.2
        D:4 |     198 |       0 |   0.0 |      13 |       0 |   0.0
        D:5 |     823 |       0 |   0.0 |      12 |       0 |   0.0
        D:6 |      87 |     265 |  75.3 |       6 |       2 |  25.0
            +---------+---------+-------+---------+---------+-------
